 Dungeon Crawl Stone Soup version 0.29-a0-555-g3b24f45cc1 (webtiles) character file.

Game seed: 1926889126626289045

197 xian the Sneak (level 5, 0/25 HPs)
             Began as a Vine Stalker Enchanter on June 7, 2022.
             Slain by a gnoll
             ... wielding a +0 halberd
             ... led by a gnoll shaman
              (5 damage)
             ... on level 4 of the Dungeon.
             The game lasted 00:11:42 (3415 turns).

xian the Sneak (Vine Stalker Enchanter)             Turns: 3415, Time: 00:11:43

Health: 0/25       AC:  5    Str:  9    XL:     5   Next: 75%
Magic:  0/9        EV: 12    Int: 15    God:
Gold:   456        SH:  0    Dex: 14    Spells: 5/9 levels left

rFire   . . .      SeeInvis +   s - +8 shortbow "Puufegui" {vorpal, rElec rPois Str-4}
rCold   . . .      Faith    .   (shield currently unavailable)
rNeg    . . .      Spirit   +   b - +0 robe
rPois   +          Reflect  .   n - +0 helmet
rElec   +          Harm     +   g - scarf {harm}
rCorr   .          Rampage  .   (no gloves)
Will    .....                   m - +1 pair of boots
Stlth   +++.......              l - amulet of magic regeneration
HPRegen 0.88/turn               k - ring of see invisible
MPRegen 0.51/turn               (no ring)

@: no status effects
A: fangs 2, regeneration 1, magic shield, antimagic bite, no potion heal 2
a: no special abilities


You were on level 4 of the Dungeon.
You visited 1 branch of the dungeon, and saw 4 of its levels.

You collected 1107 gold pieces.
You spent 651 gold pieces at shops.

Inventory:

Hand Weapons
 a - a +2 dagger
 s - the +8 shortbow "Puufegui" (weapon) {vorpal, rElec rPois Str-4}
   (You bought it in a shop on level 3 of the Dungeon)

   Any ammunition fired from it inflicts extra damage upon your enemies.
   Str:       It affects your strength (-4).
   rElec:     It insulates you from electricity.
   rPois:     It protects you from poison.
Missiles
 r - 4 boomerangs
Armour
 b - a +0 robe (worn)
 g - a scarf of harm (worn)
 m - a +1 pair of boots (worn)
 n - a +0 helmet (worn)
Jewellery
 k - a ring of see invisible (left hand)
 l - an amulet of magic regeneration (around neck)
Wands
 d - a wand of flame (10)
Scrolls
 e - a scroll of poison
 h - a scroll of amnesia
 o - a scroll of teleportation {unknown}
 u - a scroll of fear {unknown}
Potions
 c - 2 potions of invisibility
 f - 2 potions of curing
 i - a potion of might {unknown}
 j - a potion of resistance
 p - 2 potions of brilliance {unknown}
 q - a potion of haste {unknown}
 t - a potion of degeneration {unknown}


   Skills:
 + Level 1.1 Fighting
 + Level 2.7 Short Blades
 + Level 1.0 Bows
 + Level 2.3 Dodging
 + Level 4.7 Stealth
 + Level 2.5 Spellcasting
 + Level 3.5 Hexes
 + Level 0.1 Ice Magic


You had 5 spell levels left.
You knew the following spells:

 Your Spells              Type           Power      Damage    Failure   Level
a - Ensorcelled Hibernat  Hex/Ice        14%        N/A       16%         2
b - Passwall              Tmut/Erth      0%         N/A       32%         2

Your spell library contained the following spells:

 Spells                   Type           Power      Damage    Failure   Level
 Confusing Touch          Hex            12%        N/A       14%         3
 Tukima's Dance           Hex            12%        N/A       14%         3
 Dazzling Flash           Conj/Hex       14%        N/A       30%         3
 Spider Form              Tmut/Pois      1%         N/A       54%         3
 Swiftness                Air            1%         N/A       54%         3
 Anguish                  Hex/Necr       3%         N/A       71%         4


Dungeon Overview and Level Annotations

Branches:
Dungeon (4/15)
 Temple: D:4-7

Altars:

Shops:
D:3 ?((?=

Annotations:
D:3 Scroll of Acquirement


Innate Abilities, Weirdness & Mutations

You have extremely sharp teeth.
Your natural rate of healing is unusually fast.
When hurt, damage is shared between your health and your magic reserves.
Your bite disrupts and absorbs the magic of your enemies.
Potions cannot restore your health.


Message History

There are monsters nearby!
You shoot an arrow. The arrow barely misses the gnoll.
The gnoll shaman shouts!
The gnoll shouts!
You hear a shout!
You shoot an arrow. The arrow closely misses the gnoll.
The arrow hits the gnoll shaman!
You kill the gnoll shaman!
A gnoll comes into view. It is wielding a +0 halberd.
Your Fighting skill increases to level 1!
You shoot an arrow. The arrow hits the gnoll.
The gnoll is heavily wounded.
A gnoll comes into view. It is wielding a +0 spear. x2
You shoot an arrow. The arrow hits the gnoll.
You kill the gnoll!
You shoot an arrow. The arrow hits the gnoll!
The gnoll is almost dead.
The gnoll hits you with a +0 whip.
You shoot an arrow. The arrow closely misses the gnoll.
The gnoll hits you with a +0 whip.
The gnoll hits you from afar with a +0 halberd!
You shoot an arrow. The arrow hits the gnoll!
You kill the gnoll!
A giant cockroach comes into view.
The gnoll barely misses you. x2
The gnoll hits you from afar with a +0 halberd.
The gnoll closely misses you.
Your Bows skill increases to level 1!
Unknown command.
You shoot an arrow. The arrow hits the gnoll.
The gnoll is lightly wounded.
The gnoll hits you from afar with a +0 spear.
The gnoll misses you.
You shoot an arrow. The arrow closely misses the gnoll.
The gnoll hits you from afar with a +0 spear!
The gnoll hits you from afar with a +0 spear.
* * * LOW HITPOINT WARNING * * *
The gnoll hits you from afar with a +0 halberd.
* * * LOW HITPOINT WARNING * * *
The gnoll closely misses you.
The gnoll hits you from afar with a +0 halberd.
You die...

..............
#.(.. ....... ##
#... ...... ..#
#.. ... .
...##..##.#.##
#.........#..#
###.....>g...#.#.
#......@.g$......
#........g)).....
...#...<.........
. #...........).
##..........#.
##...#.....#
######..#...
.##... ##


You could see 3 gnolls.

Vanquished Creatures
  A gnoll shaman (D:4)
  Natasha (D:2)
  3 adders
  3 gnolls
  3 worms
  A dart slug (D:2)
  An orc (D:3)
  An endoplasm (D:3)
  4 giant cockroaches
  4 goblins
  9 hobgoblins
  4 jackals (D:2)
  3 quokkas
  6 ball pythons
  8 bats
  4 frilled lizards
  8 kobolds
  13 rats
77 creatures vanquished.

Notes
Turn   | Place    | Note
-------+----------+-------------------------------------------
     0 | D:1      | xian the Vine Stalker Enchanter began the quest for the
                  | Orb.
     0 | D:1      | Reached XP level 1. HP: 9/9 MP: 4/4
   204 | D:1      | Reached XP level 2. HP: 7/13 MP: 4/6
   383 | D:1      | Found a faded altar of an unknown god.
   405 | D:1      | Learned a level 2 spell: Ensorcelled Hibernation
   413 | D:1      | Reached skill level 4 in Stealth
   901 | D:1      | Reached XP level 3. HP: 3/16 MP: 1/7
  1440 | D:2      | Reached skill level 1 in Short Blades
  2210 | D:2      | Identified a scroll of acquirement
  2210 | D:2      | Acquired 926 gold pieces
  2283 | D:2      | Learned a level 2 spell: Passwall
  2408 | D:2      | Gained mutation: Your natural rate of healing is unusually
                  | fast. [Vine Stalker growth]
  2408 | D:2      | Reached XP level 4. HP: 10/21 MP: 8/8
  2465 | D:2      | Noticed Natasha
  2469 | D:2      | Killed Natasha
  2621 | D:2      | You fall into a shaft and drop 1 floor!
  2731 | D:3      | Found Ugreg's Weapon Emporium.
  2777 | D:3      | Bought the +8 shortbow "Puufegui" {vorpal, rElec rPois
                  | Str-4} for 651 gold pieces
  2791 | D:3      | Found Kaczyn's Magic Scroll Boutique.
  2835 | D:3      | Reached XP level 5. HP: 25/25 MP: 9/9
  3030 | D:3      | Found Buinkid Onle's Antique Weapon Shop.
  3216 | D:3      | Found Amytryn's Magic Scroll Shoppe.
  3286 | D:3      | Found Efogg's Jewellery Shoppe.
  3407 | D:4      | Reached skill level 1 in Fighting
  3412 | D:4      | Reached skill level 1 in Bows
  3415 | D:4      | Slain by a gnoll

Illustrated notes

Levels and vault maps discovered:
D:1:      dpeg_arrival_stone_temple_mockup, layout_rooms,
          hellmonk_ecumenical_altar_zigzags, chequers_serial_rivers_micro_d
D:2:      layout_basic, uniq_natasha
D:3:      layout_loops_ring, serial_shops, nicolae_square_shop,
          nicolae_shop_trees, nicolae_shop_window_shopping,
          nicolae_shop_crystal, shop, st_stairs_10
D:4:      layout_rooms, nicolae_hepliaklqana_hazy_memory, serial_curves,
          eino_curves_04, eino_curves_03

Skill      XL: |  1  2  3  4  5 |
---------------+----------------+-----
Stealth        | 4 |  4.7
Short Blades   | 1 2 |  2.7
Dodging        | 2 |  2.3
Fighting       | 1 |  1.1
Bows           | 1 |  1.0
Spellcasting   | |  2.5
Hexes          | |  3.5
Ice Magic      | |  0.1

Action                   |  1- 3 |  4- 6 || total
-------------------------+-------+-------++-------
Melee: Dagger            |   120 |    31 ||   151
       Bite              |    33 |     7 ||    40
 Fire: Shortbow          |       |    37 ||    37
Evoke: Wand              |     1 |       ||     1
  Use: Scroll            |     9 |       ||     9
 Stab: Sleeping          |     5 |     3 ||     8
       Distracted        |     1 |       ||     1
Armor: Robe              |    38 |    10 ||    48
Dodge: Dodged            |    98 |    35 ||   133

Table legend: (Time is in decaauts)
 A = Elapsed time spent in this place.
 B = Non-inter-level travel time spent in this place.
 C = Inter-level travel time spent in this place.
 D = Time resting spent in this place.
 E = Time spent auto-exploring this place.
 F = Levels seen in this place.
 G = Mean time per level.
                   A        B        C        D        E       F      G
               +--------+--------+--------+--------+--------+-----+--------+
         Total |   3421 |   3313 |    108 |    281 |   2120 |   4 |  855.2 |
       Dungeon |   3421 |   3313 |    108 |    281 |   2120 |   4 |  855.2 |
               +--------+--------+--------+--------+--------+-----+--------+

Top non-repeatable levels by time:
     D:1: 1393 daAuts
     D:2: 1219 daAuts
     D:3: 791 daAuts
     D:4: 16 daAuts
